 Dungeon Crawl Stone Soup version 0.29-a0-330-g52719c12eb (webtiles) character file.

Game seed: 8451029331372372772

1068 Aelig the Conjurer (level 7, -3/50 HPs)
             Began as a Demigod Fire Elementalist on May 8, 2022.
             Killed from afar by Dowan (19 damage)
             ... with a shard of ice
             ... on level 5 of the Dungeon.
             The game lasted 00:14:42 (5024 turns).

Aelig the Conjurer (Demigod Fire Elementalist)      Turns: 5024, Time: 00:14:43

Health: -3/50      AC:  4    Str:  9    XL:     7   Next: 79%
Magic:  4/14       EV: 12    Int: 25    God:
Gold:   189        SH:  0    Dex: 14    Spells: 6/12 levels left

rFire   . . .      SeeInvis .   r - +0 rapier
rCold   . . .      Faith    .   (no shield)
rNeg    . . .      Spirit   .   a - +0 robe
rPois   .          Reflect  .   x - +0 helmet
rElec   .          Harm     .   (no cloak)
rCorr   .          Rampage  .   d - +0 pair of gloves
Will    .....                   (no boots)
Stlth   ++........              (no amulet)
HPRegen 0.16/turn               (no ring)
MPRegen 0.14/turn               (no ring)

@: no status effects
A: high MP 1, forlorn, divine attributes
a: no special abilities


You were on level 5 of the Dungeon.
You visited 1 branch of the dungeon, and saw 5 of its levels.

You collected 189 gold pieces.

Inventory:

Hand Weapons
 r - a +0 rapier (weapon)
Missiles
 h - 77 stones (quivered)
 p - 2 javelins
Armour
 a - a +0 robe (worn)
 d - a +0 pair of gloves (worn)
 x - a +0 helmet (worn)
Magical Staves
 q - a staff of cold
Scrolls
 c - a scroll of holy word {unknown}
 e - a scroll of immolation {unknown}
 f - 3 scrolls of teleportation {unknown}
 l - 2 scrolls of enchant armour {unknown}
 m - a scroll of blinking {unknown}
 n - 5 scrolls of identify {unknown}
 o - a scroll of summoning {unknown}
 t - 2 scrolls of magic mapping {unknown}
Potions
 b - a potion of magic
 g - 3 potions of flight {unknown}
 i - a potion of attraction {unknown}
 j - 2 potions of curing {unknown}
 k - 2 potions of lignification {unknown}
 s - a potion of mutation {unknown}
 u - 2 potions of might {unknown}
 v - a potion of degeneration {unknown}
 w - 2 potions of heal wounds {unknown}


   Skills:
 - Level 1.7 Dodging
 - Level 1.7 Stealth
 - Level 3.0 Spellcasting
 + Level 6.1 Conjurations
 + Level 6.1 Fire Magic


You had 6 spell levels left.
You knew the following spells:

 Your Spells              Type           Power      Damage    Failure   Level
a - Foxfire               Conj/Fire      100%       2x1d9     1%          1
b - Scorch                Fire           68%        2d8       1%          2
c - Conjure Flame         Conj/Fire      34%        6-21      2%          3

Your spell library contained the following spells:

 Spells                   Type           Power      Damage    Failure   Level
 Inner Flame              Hex/Fire       19%        N/A       9%          3
 Flame Wave               Conj/Fire      34%        2d8       9%          4
 Summon Lightning Spire   Summ/Air       3%         N/A       69%         4
 Storm Form               Tmut/Air       1%         N/A       100%        7
 Maxwell's Capacitive Co  Air            1%         ∞         100%        8


Dungeon Overview and Level Annotations

Branches:
Dungeon (5/15)             Temple (0/1) D:5

Annotations:
D:3 4 runed translucent doors, Crazy Yiuf; kae's ghost, amateur MfGl
D:5 Dowan


Innate Abilities, Weirdness & Mutations

You have an increased reservoir of magic. (+10% MP)
You shall have no god before yourself.
Your divine heritage dramatically boosts your attributes as you level up.


Message History

Duvessa hits you with a +0 short sword! Duvessa hits you but does no damage.
Dowan points at you and mumbles some strange words.
The puff of frost hits you.
Casting: Foxfire (safe; 1% risk of failure)
Confirm with . or Enter, or press ? or * to list all spells.
You conjure some foxfire!
Duvessa hits you with a +0 short sword. Duvessa attacks as you move away!
Duvessa closely misses you.
Duvessa is no longer more vulnerable to fire.
The foxfire hits Duvessa but does no damage.
Duvessa is severely wounded.
The foxfire hits Duvessa.
Duvessa is almost dead.
Duvessa completely misses you.
Casting: Foxfire (safe; 1% risk of failure)
Confirm with . or Enter, or press ? or * to list all spells.
You conjure some foxfire!
Your foxfire dissipates!
Dowan attacks as you move away!
Dowan hits you with a +1 dagger of pain.
You writhe in agony.
The foxfire hits Dowan!
Dowan is heavily wounded.
Duvessa closely misses you. Duvessa hits you with a +0 short sword.
Okay, then.
Unknown command.
Okay, then.
Unknown command.
Casting: Foxfire (safe; 1% risk of failure)
Confirm with . or Enter, or press ? or * to list all spells.
You conjure some foxfire!
Duvessa hits you but does no damage.
Dowan hits you with a +1 dagger of pain.
You writhe in agony.
The foxfire hits Duvessa but does no damage.
Duvessa is almost dead.
The foxfire hits Duvessa.
You kill Duvessa!
Dowan's eyes darken. "You have made a black mistake."
Dowan seems to find hidden reserves of power!
Dowan casts a spell at you. The shard of ice hits you!!
You die...

##....# ##..##..# ####.
###....####..####.# #..
##...#.......## #.## #.#
#.####..#...## #..# ###
######..###..##..# ####
#.............##.#
##+####.......e##.#####
..... #..###..).§.....##
......##.# ###..@..##..#
.......e.#####....####.##
.......##...#####.# #..#
....... #.#'#...#+# ##.#
......# ###.......#####.#
# #...#+
#...........#.#'# # ####
##.........##...### ##
+.........'......# #.
##.......##......# ##


You could see Dowan (fast).

Vanquished Creatures
  Grinder (D:3)
  Sigmund (D:4)
  Menkaure (D:4)
  Duvessa (D:5)
  A sky beast (D:5)
  An ogre (D:5)
  A phantom (D:5)
  An orc priest (D:3)
  Jessica (D:3)
  Terence (D:3)
  An orc wizard (D:5)
  Natasha (thrice) (D:3)
  Robin (D:4)
  3 gnolls (D:3)
  5 adders
  A white imp (D:4)
  9 orcs
  7 endoplasms
  A giant cockroach (D:1)
  8 hobgoblins
  2 quokkas
  7 ball pythons
  3 frilled lizards
  5 goblins (D:4)
  6 kobolds
  5 rats
77 creatures vanquished.

Vanquished Creatures (others)
  203 foxfires
  2 fungi (D:3)
  3 plants
208 creatures vanquished.

Grand Total: 285 creatures vanquished

Notes
Turn   | Place    | Note
-------+----------+-------------------------------------------
     0 | D:1      | Aelig the Demigod Fire Elementalist began the quest for the
                  | Orb.
     0 | D:1      | Reached XP level 1. HP: 14/14 MP: 5/5
    56 | D:1      | Reached skill level 1 in Conjurations
   522 | D:1      | Reached XP level 2. HP: 20/20 MP: 2/7
   566 | D:1      | Learned a level 2 spell: Scorch
  1670 | D:3      | Noticed Jessica
  1673 | D:3      | Killed Jessica
  1674 | D:3      | Reached XP level 3. HP: 26/26 MP: 4/8
  1870 | D:3      | Reached XP level 4. HP: 28/33 MP: 1/9
  2040 | D:3      | Noticed Grinder
  2075 | D:3      | Killed Grinder
  2076 | D:3      | Reached XP level 5. HP: 26/38 MP: 1/10
  2198 | D:3      | Noticed Terence
  2363 | D:2      | Learned a level 3 spell: Conjure Flame
  2505 | D:3      | Killed Terence
  2506 | D:3      | Reached XP level 6. HP: 45/45 MP: 4/11
  2577 | D:3      | Found a runed translucent gate.
  2577 | D:3      | Found a runed translucent gate.
  2577 | D:3      | Found a runed translucent gate.
  2583 | D:3      | Noticed kae's ghost (amateur MfGl)
  2739 | D:3      | Noticed Natasha
  2746 | D:3      | Killed Natasha
  2747 | D:3      | Reached skill level 5 in Fire Magic
  2822 | D:3      | Found a runed translucent door.
  2823 | D:3      | Noticed Crazy Yiuf
  2874 | D:3      | Noticed Natasha
  2877 | D:3      | Killed Natasha
  3115 | D:3      | Noticed Natasha
  3119 | D:3      | Killed Natasha
  3273 | D:4      | Noticed Sigmund
  3457 | D:4      | Killed Sigmund
  3458 | D:4      | Reached skill level 5 in Conjurations
  3458 | D:4      | Reached XP level 7. HP: 50/50 MP: 2/12
  3662 | D:4      | Noticed Robin
  3668 | D:4      | Killed Robin
  3796 | D:4      | Noticed Menkaure
  3812 | D:4      | Killed Menkaure
  4090 | D:5      | Entered Level 5 of the Dungeon
  4502 | D:5      | Found a staircase to the Ecumenical Temple.
  4999 | D:5      | Noticed Duvessa
  5001 | D:5      | Noticed Dowan
  5024 | D:5      | Killed Duvessa
  5024 | D:5      | Killed from afar by Dowan

Illustrated notes

Levels and vault maps discovered:
D:1:      dpeg_arrival_rooms_with_view, layout_rooms,
          shapermc_ecumenical_altar_mp_ritualfount
D:2:      layout_basic
D:3:      layout_rooms, nicolae_overflow_ecumenical_swirl,
          gammafunk_ghost_nasty_kobolds, uniq_crazy_yiuf_cottage, uniq_natasha,
          uniq_grinder, uniq_jessica, uniq_terence
D:4:      layout_basic, nicolae_dithmenos_the_darkroom,
          eino_small_chamber_without_monster, uniq_robin, uniq_sigmund,
          uniq_menkaure
D:5:      nicolae_cairo_tiling_very_big, layout_layer_cave, uniq_duvessa

Skill      XL: |  1  2  3  4  5  6  7 |
---------------+----------------------+-----
Conjurations   | 1 2 4 5 6 |  6.1
Fire Magic     | 3 4 5 6 |  6.1
Spellcasting   | 3 |  3.0
Dodging        | |  1.7
Stealth        | |  1.7

Action                   |  1- 3 |  4- 6 |  7- 9 || total
-------------------------+-------+-------+-------++-------
Melee: Dagger            |    42 |     2 |       ||    44
       Unarmed           |     2 |       |       ||     2
       Rapier            |       |     4 |       ||     4
Throw: Stone             |       |       |     1 ||     1
 Cast: Foxfire           |    37 |    40 |    42 ||   119
       Scorch            |     6 |     7 |     6 ||    19
       Conjure Flame     |       |     2 |     2 ||     4
 Stab: Sleeping          |     1 |     1 |       ||     2
Armor: Robe              |     4 |     1 |     4 ||     9
Dodge: Dodged            |    28 |     7 |     6 ||    41

Table legend: (Time is in decaauts)
 A = Elapsed time spent in this place.
 B = Non-inter-level travel time spent in this place.
 C = Inter-level travel time spent in this place.
 D = Time resting spent in this place.
 E = Time spent auto-exploring this place.
 F = Levels seen in this place.
 G = Mean time per level.
                   A        B        C        D        E       F      G
               +--------+--------+--------+--------+--------+-----+--------+
         Total |   5024 |   4668 |    356 |    869 |   2663 |   5 | 1004.8 |
       Dungeon |   5024 |   4668 |    356 |    869 |   2663 |   5 | 1004.8 |
               +--------+--------+--------+--------+--------+-----+--------+

Top non-repeatable levels by time:
     D:3: 1468 daAuts
     D:2: 1007 daAuts
     D:5: 933 daAuts
     D:1: 836 daAuts
     D:4: 779 daAuts
